 Dungeon Crawl Stone Soup version 0.20.1-1-g8b1a95d (webtiles) character file.

20449 homeworkjunkie the Severer (level 12, 0/108 HPs)
             Began as a Hill Orc Fighter on Nov 21, 2017.
             Was a High Priest of Okawaru.
             Slain by Rupert
             ... wielding a +3 battleaxe of freezing
              (15 damage)
             ... on level 2 of the Orcish Mines.
             The game lasted 00:28:23 (13305 turns).

homeworkjunkie the Severer (Hill Orc Fighter)      Turns: 13305, Time: 00:28:24

Health: 0/108      AC: 28    Str: 22    XL:     12   Next: 79%
Magic:  18/18      EV: 11    Int:  8    God:    Okawaru [*****.]
Gold:   1699       SH: 14    Dex: 12    Spells: 11/11 levels left

rFire    . . .     SeeInvis .   a - +5 war axe
rCold    . . .     Gourm    .   G - +2 shield {reflect}
rNeg     . . .     Faith    .   z - +2 ring mail
rPois    .         Spirit   .   d - +0 helmet
rElec    .         Reflect  +   (no cloak)
rCorr    .         Harm     .   q - +0 pair of gloves
MR       +....                  s - +2 pair of boots
Stlth    +.........             (no amulet)
Regen    0.3/turn               e - ring of protection from magic
MPRegen  0.2/turn               r - ring of Robustness {AC+8}

@: about to teleport
A: slimy green scales 2, thin metallic scales 1, high mp 1
a: Heroism, Finesse, Renounce Religion, Convert to Beogh


You were on level 2 of the Orcish Mines.
You worshipped Okawaru.
Okawaru was extremely pleased with you.
You were not hungry.

You visited 4 branches of the dungeon, and saw 17 of its levels.
You also visited: Bailey.

You collected 2194 gold pieces.
You spent 495 gold pieces at shops.

Inventory:

Hand Weapons
 a - a +5 war axe (weapon)
Armour
 d - a +0 helmet (worn)
 q - a +0 pair of gloves (worn)
 s - a +2 pair of boots (worn)
 z - a +2 ring mail (worn)
 G - a +2 shield of reflection (worn)
Jewellery
 e - a ring of protection from magic (left hand)
 g - an uncursed ring of protection from fire
 k - an uncursed ring of positive energy
 r - the ring of Robustness (right hand) {AC+8}
   (You found it on level 4 of the Dungeon)

   [ring of protection]

   It affects your AC (+8).
 u - an uncursed ring of ice
 D - an uncursed ring of fire
Wands
 n - a wand of disintegration (2/24)
 o - a wand of iceblast (13/15)
 p - a wand of confusion (15/48)
 v - a wand of iceblast (4/15)
 w - a wand of lightning (0/15)
Scrolls
 h - 4 scrolls of identify
 j - 4 scrolls of fear
 l - 3 scrolls of teleportation
 y - a scroll of blinking
 C - a scroll of remove curse
Potions
 b - a potion of berserk rage
 m - a potion of curing
 x - a potion of flight
 A - a potion of brilliance
 B - 4 potions of mutation
 E - a potion of agility
Comestibles
 f - 6 bread rations
 i - 3 meat rations


   Skills:
 * Level 10.7 Fighting
 * Level 15.9 Axes
 * Level 9.5 Armour
 + Level 3.1 Dodging
 + Level 0.8 Stealth
 * Level 10.2 Shields
 + Level 1.1 Invocations
 * Level 6.2 Evocations


You had 11 spell levels left.
You didn't know any spells.

Dungeon Overview and Level Annotations

Branches:
Dungeon (13/15)            Temple (1/1) D:7            Lair (1/6) D:11
    Orc (2/2) D:12            Elf (0/3) Orc:2
 Vaults: D:13-14

Altars:
Ashenzari
Cheibriados
Dithmenos
Elyvilon
Fedhas
Gozag
Hepliaklqana
Kikubaaqudgha
Makhleb
Nemelex Xobeh
Okawaru
Qazlal
Ru
Sif Muna
Trog
Uskayaw
Vehumet
Xom
Yredelemnul
Zin
The Shining One

Shops:
D:10 ?   D:12 ?   Orc:1 ?

Annotations:
Orc:2 Rupert


Innate Abilities, Weirdness & Mutations

You are mostly covered in slimy green scales. (AC +3)
You are partially covered in thin metallic scales. (AC +2)
You have an increased reservoir of magic. (+10% MP)


Message History

* * * LOW HITPOINT WARNING * * *
Rupert hits you with a battleaxe of freezing!
* * * LOW HITPOINT WARNING * * *
Rupert freezes you.
* * * LOW HITPOINT WARNING * * *
The orc wizard gestures wildly while chanting.
The orc wizard flickers and vanishes!
Deactivating autopickup; reactivate with Ctrl-A.
The orc high priest calls upon Beogh to heal the orc warrior.
The orc warrior is healed somewhat.
You feel better. You block Rupert's attack.
The orc wizard hits you but does no damage.
The orc knight roars a battlecry!
The orc wizard goes into a battle-frenzy!
The orc high priest shouts, "Beogh is our master!
Accept the truth or die!"
An orc priest comes into view. It is wielding a dagger.
You feel better.
The orc wizard hits you but does no damage.
Rupert hits you with a battleaxe of freezing!
You die...

##.#.......# *#.,**,,,,,**
##.##......## *.,**,,,,,,,**
#...........###.**,,,**,*,∩*
##..##......###..**,,**,,*,,**
#............##.#*,,,*,,,,*,∩*
##...........##.#*,,,,,,,,*,,*
##......[[[.##.#*,,o,o,,,,*,*
##......[.).##.#####ooo,,,*,*
#.............o@@o3oooo,,,,,*
#..........o##.#####oo4,,,*,*
##..........##.#*,,o,3,3,,*,*
###........##.#*,,,,,,,,*,,*
#.........##.#*,,,*,,,,*,∩* *
##........##..**,,**,,*,,** **
*.......#.###.**,,,**,*,∩*
,***.....>.### *.,**,,,,,,,**
***,,,*,,,,,* **,,**,,,,,**


You could see Rupert (berserk), an orc knight, a soul eater, 3 orc high priests,
a rust devil (wandering), 3 orc sorcerers, 3 orc warriors, an orc priest and an
orc wizard.

Vanquished Creatures
  5 two-headed ogres
  The ghost of Quirk the Cleaver, a novice DsFi of Okawaru (D:10)
  An orc high priest (Orc:1)
  2 orc knights
  3 ugly things
  Psyche (D:9)
  2 centaur skeletons
  A spiny frog (Lair:1)
  The ghost of Enwoo the Skirmisher, an amateur MiBe of Trog (D:4)
  A merfolk (D:9)
  5 trolls
  A hippogriff (D:12)
  A meliai zombie (D:13)
  16 yaks
  A vampire (D:12)
  An acid dragon (D:11)
  A soldier ant (D:10)
  3 wargs (Orc:1)
  A porcupine (Lair:1)
  20 orc warriors
  4 ice beasts
  3 black bears
  3 sky beasts
  3 phantoms
  10 ogres
  5 centaurs
  A big kobold (D:9)
  3 bullfrogs
  8 gnoll sergeants (Bailey)
  3 scorpions
  7 wights
  A howler monkey (D:5)
  An electric eel (D:10)
  3 bullfrog zombies
  4 crimson imps
  6 gnoll shamans (Bailey)
  11 orc priests
  5 hounds
  4 jellies
  A bullfrog skeleton (D:8)
  14 orc wizards
  Jessica (D:3)
  4 iguanas
  Ijyb (D:3)
  Terence (D:2)
  13 worker ants
  Natasha (thrice) (D:4)
  2 hound zombies
  3 hound skeletons
  Robin (D:3)
  17 gnolls
  9 adders
  4 shadow imps
  An ooze (D:3)
  An adder zombie (D:5)
  5 worms
  A dart slug (D:1)
  10 leopard geckos
  50 orcs
  7 giant cockroaches
  23 goblins
  8 hobgoblins
  11 jackals
  10 kobolds
  9 quokkas
  10 bats
  5 frilled lizards
  A jackal skeleton (D:4)
  A quokka zombie (D:5)
  9 rats
389 creatures vanquished.

Notes
Turn   | Place    | Note
-------+----------+-------------------------------------------
     0 | D:1      | homeworkjunkie the Hill Orc Fighter began the quest for the Orb.
     0 | D:1      | Reached XP level 1. HP: 19/19 MP: 1/1
    87 | D:2      | Noticed Terence
    93 | D:2      | Reached XP level 2. HP: 25/27 MP: 2/2
    95 | D:2      | Killed Terence
    95 | D:2      | Reached skill level 3 in Axes
    95 | D:2      | Reached XP level 3. HP: 29/33 MP: 3/3
   238 | D:2      | Reached XP level 4. HP: 31/40 MP: 4/4
   458 | D:3      | Reached skill level 4 in Axes
   481 | D:3      | Noticed Robin
   506 | D:3      | Killed Robin
   650 | D:3      | Reached XP level 5. HP: 40/47 MP: 5/5
   713 | D:4      | Noticed Enwoo's ghost (amateur MiBe)
   834 | D:3      | Noticed Ijyb
   857 | D:3      | Killed Ijyb
   857 | D:3      | Reached skill level 5 in Axes
   928 | D:3      | Noticed Jessica
   934 | D:3      | Killed Jessica
  1358 | D:2      | Found a radiant altar of Vehumet.
  1388 | D:2      | Found a hide-covered altar of Uskayaw.
  1629 | D:1      | Reached XP level 6. HP: 48/53 MP: 6/6
  1703 | D:1      | Found a sparkling altar of Nemelex Xobeh.
  2232 | D:4      | Reached skill level 6 in Axes
  2518 | D:5      | Entered Level 5 of the Dungeon
  2535 | D:4      | Noticed Natasha
  2535 | D:4      | Noticed an ice beast
  2548 | D:4      | Killed an ice beast
  2548 | D:4      | Reached skill level 1 in Evocations
  2549 | D:4      | Killed Natasha
  2549 | D:4      | Reached skill level 5 in Fighting
  2549 | D:4      | Reached XP level 7. HP: 21/61 MP: 7/7
  2670 | D:4      | Noticed Natasha
  2678 | D:4      | Killed Natasha
  2702 | D:4      | Noticed Natasha
  2710 | D:4      | Killed Natasha
  2876 | D:4      | Killed Enwoo's ghost
  2876 | D:4      | Reached skill level 7 in Axes
  2876 | D:4      | Reached skill level 5 in Armour
  2876 | D:4      | Reached skill level 5 in Shields
  3196 | D:4      | Reached skill level 1 in Dodging
  3196 | D:4      | Reached XP level 8. HP: 30/69 MP: 9/9
  3913 | D:5      | Reached skill level 8 in Axes
  3979 | D:5      | Found a shattered altar of Ashenzari.
  3979 | D:5      | Found a glowing golden altar of the Shining One.
  3980 | D:5      | Found a blossoming altar of Fedhas.
  4893 | D:6      | Reached skill level 9 in Axes
  4893 | D:6      | Reached XP level 9. HP: 60/78 MP: 9/11
  5827 | D:7      | Found a staircase to the Ecumenical Temple.
  5836 | Temple   | Entered the Ecumenical Temple
  6236 | D:8      | Reached skill level 10 in Axes
  6978 | D:8      | Reached skill level 11 in Axes
  7197 | D:9      | Noticed a troll
  7198 | D:9      | Noticed a two-headed ogre
  7202 | D:9      | Killed a troll
  7202 | D:9      | Reached XP level 10. HP: 86/88 MP: 12/12
  7210 | D:9      | Killed a two-headed ogre
  7224 | D:10     | Entered Level 10 of the Dungeon
  7254 | D:10     | Found a flagged portal.
  7259 | D:10     | Found Ywozat Ywebb's Magic Scroll Shop.
  7273 | D:10     | Reached skill level 12 in Axes
  7294 | D:10     | Bought a scroll of teleportation for 36 gold pieces
  7294 | D:10     | Bought a scroll of identify for 24 gold pieces
  7312 | Bailey   | Entered a bailey
  8175 | D:9      | Noticed Psyche
  8188 | D:9      | Killed Psyche
  8199 | D:10     | Reached skill level 13 in Axes
  8224 | D:9      | Found an iron altar of Okawaru.
  8255 | D:9      | Became a worshipper of Warmaster Okawaru
  8469 | D:9      | Noticed a two-headed ogre
  8483 | D:9      | Killed a two-headed ogre
  8483 | D:9      | Reached * piety under Okawaru
  8483 | D:9      | Reached XP level 11. HP: 49/95 MP: 14/14
  8873 | D:9      | Noticed a two-headed ogre
  8894 | D:9      | Killed a two-headed ogre
  9084 | D:9      | Noticed a two-headed ogre
  9090 | D:9      | Killed a two-headed ogre
  9090 | D:9      | Reached ** piety under Okawaru
  9090 | D:9      | Reached skill level 14 in Axes
  9090 | D:9      | Reached skill level 5 in Evocations
  9156 | D:10     | Gained mutation: You are partially covered in slimy green scales. (AC +2) [potion of mutation]
  9156 | D:10     | Gained mutation: You are mostly covered in slimy green scales. (AC +3) [potion of mutation]
  9156 | D:10     | Gained mutation: You are partially covered in thin metallic scales. (AC +2) [potion of mutation]
  9156 | D:10     | Gained mutation: You have an increased reservoir of magic. (+10% MP) [potion of mutation]
  9299 | D:10     | Noticed Quirk's ghost (novice DsFi)
  9318 | D:10     | Killed Quirk's ghost
  9359 | D:11     | Reached *** piety under Okawaru
 10166 | D:11     | Noticed a green ugly thing
 10181 | D:11     | HP: 4/97 [poisoned by a green ugly thing]
 10193 | D:10     | HP: 4/97 [purple ugly thing (14)]
 10195 | D:10     | Killed a purple ugly thing
 10657 | D:10     | Reached **** piety under Okawaru
 10855 | D:12     | Noticed a two-headed ogre
 10868 | D:12     | Killed a two-headed ogre
 10868 | D:12     | Reached XP level 12. HP: 65/105 MP: 17/17
 10908 | D:11     | Reached ***** piety under Okawaru
 11025 | D:11     | Found a staircase to the Lair.
 11036 | Lair:1   | Entered Level 1 of the Lair of Beasts
 11196 | D:12     | Found a staircase to the Orcish Mines.
 11213 | D:12     | Reached skill level 15 in Axes
 11481 | D:12     | Reached skill level 10 in Fighting
 11635 | D:12     | Found a blossoming altar of Fedhas.
 11640 | D:12     | Found Idikk's Magic Scroll Shoppe.
 11652 | D:12     | Bought a scroll of enchant weapon for 120 gold pieces
 11976 | Orc:1    | Entered Level 1 of the Orcish Mines
 11981 | Orc:1    | Noticed an orc high priest
 11997 | Orc:1    | Killed an orc high priest
 11997 | Orc:1    | Received a gift from Okawaru
 11997 | Orc:1    | Reached skill level 1 in Invocations
 12057 | Orc:2    | Entered Level 2 of the Orcish Mines
 12414 | Orc:1    | Found Kenloer's Magic Scroll Emporium.
 12420 | Orc:1    | Bought a scroll of enchant armour for 105 gold pieces
 12420 | Orc:1    | Bought a scroll of enchant armour for 105 gold pieces
 12420 | Orc:1    | Bought a scroll of enchant weapon for 105 gold pieces
 12483 | Orc:1    | Reached skill level 10 in Shields
 12850 | Orc:1    | Found a bloodstained altar of Trog.
 12951 | Orc:1    | You fall through a shaft!
 12952 | Orc:2    | Found a staircase to the Elven Halls.
 13290 | Orc:2    | Noticed Rupert
 13292 | Orc:2    | Noticed an orc high priest
 13293 | Orc:2    | Noticed an orc high priest
 13293 | Orc:2    | Noticed an orc high priest
 13298 | Orc:2    | Noticed a soul eater
 13303 | Orc:2    | HP: 4/108 [Rupert/battleaxe of freezing (3)]
 13305 | Orc:2    | Slain by Rupert

Skill      XL: |  1  2  3  4  5  6  7  8  9 10 11 12 |
---------------+-------------------------------------+-----
Fighting       | 4 5 6 7 8 9 10 | 10.7
Axes           | 3 4 5 6 7 9 11 13 14 15 | 15.9
Shields        | 4 5 7 8 9 10 | 10.2
Armour         | 4 5 6 7 8 9 |  9.5
Evocations     | 1 2 3 4 5 6 |  6.2
Dodging        | 1 2 3 |  3.1
Invocations    | 1 |  1.1
Stealth        | |  0.8

Action                   |  1- 3 |  4- 6 |  7- 9 | 10-12 || total
-------------------------+-------+-------+-------+-------++-------
Melee: War axe           |    47 |   224 |   436 |   749 ||  1456
Invok: Heroism           |       |       |       |     1 ||     1
       Finesse           |       |       |       |     1 ||     1
Evoke: Wand              |       |       |     6 |    29 ||    35
  Use: Potion            |     1 |     4 |     5 |     8 ||    18
       Scroll            |     2 |     7 |    11 |    21 ||    41
 Stab: Confused          |       |       |       |     2 ||     2
  Eat: Bread ration      |       |     1 |     2 |       ||     3
       Fruit             |       |     5 |     3 |       ||     8
       Royal jelly       |       |     1 |     1 |     4 ||     6
       Meat ration       |       |       |       |     2 ||     2
Armor: Scale mail        |    47 |    76 |       |       ||   123
       Chain mail        |       |    54 |   179 |    43 ||   276
       Ring mail         |       |       |       |   209 ||   209
Dodge: Dodged            |    31 |    73 |    68 |   185 ||   357
Block: Shield            |    49 |   118 |   189 |   371 ||   727
       Reflection        |       |       |       |     1 ||     1
